 Dungeon Crawl Stone Soup version 0.27-a0-774-g3e622ea735 (webtiles) character file.

Game seed: 9489877004707425186

546 soeti the Skirmisher (level 7, -3/44 HPs)
             Began as a Gargoyle Fighter on Mar 25, 2021.
             Slain by an ogre
             ... wielding a +0 giant club
              (7 damage)
             ... on level 3 of the Dungeon.
             The game lasted 00:11:38 (4535 turns).

soeti the Skirmisher (Gargoyle Fighter)             Turns: 4535, Time: 00:11:38

Health: -3/44      AC: 13    Str: 21    XL:     7   Next: 28%
Magic:  7/7        EV:  7    Int:  9    God:
Gold:   233        SH:  9    Dex:  9    Spells: 6/6 levels left

rFire    . . .     SeeInvis .   a - +0 war axe
rCold    . . .     Faith    .   c - +0 kite shield
rNeg     + . .     Spirit   .   b - +0 scale mail
rPois    ∞         Reflect  .   (no helmet)
rElec    +         Harm     .   d - +0 cloak
rCorr    .         Rampage  .   (no gloves)
Will     .....                  (no boots)
Stlth    ..........             (no amulet)
HPRegen  0.14/turn              (no ring)
MPRegen  0.10/turn              (no ring)

@: no status effects
A: AC +4, negative energy resistance 1, electricity resistance, torment
resistance 1, unbreathing 1, petrification resistance
a: no special abilities


You were on level 3 of the Dungeon.
You visited 1 branch of the dungeon, and saw 4 of its levels.

You collected 233 gold pieces.

Inventory:

Hand Weapons
 a - a +0 war axe (weapon)
Armour
 b - a +0 scale mail (worn)
 c - a +0 kite shield (worn)
 d - a +0 cloak (worn)
 e - a +0 plate armour of fire resistance
Wands
 i - a wand of digging (4)
Scrolls
 f - a scroll of vulnerability {unknown}
Potions
 j - 2 potions of mutation
 l - a potion of brilliance


   Skills:
 + Level 5.0 Fighting
 * Level 4.6 Axes
 + Level 4.9 Armour
 + Level 4.9 Shields


You had 6 spell levels left.
You didn't know any spells.
Your spell library contained the following spells:

 Spells                   Type           Power      Damage    Failure   Level
 Confusing Touch          Hex            0%         N/A       100%        3
 Gell's Gravitas          Tloc           0%         N/A       100%        3
 Petrify                  Tmut/Erth      0%         N/A       100%        4
 Metabolic Englaciation   Hex/Ice        0%         N/A       100%        5
 Yara's Violent Unravell  Hex/Tmut       0%         3d3       100%        5


Dungeon Overview and Level Annotations

Branches:
Dungeon (4/15)
 Temple: D:4-7

Altars:
Makhleb

Annotations:
D:1 exclusion: downstairs
D:2 exclusion: downstairs, Sigmund
D:3 Grinder, Ijyb


Innate Abilities, Weirdness & Mutations

Your stone body is resilient. (AC +4)
You are immune to poison.
You resist negative energy. (rN+)
You are resistant to electric shocks. (rElec)
You are resistant to unholy torment.
You can survive without breathing.
You are immune to petrification.


Message History

You block the ogre's attack.
You hit the ogre but do no damage.
The ogre is moderately wounded.
The ogre hits you with a +0 giant club!
* * * LOW HITPOINT WARNING * * *
The ogre hits you but does no damage.
You see here a black bear corpse.
Items here: ))))) ? [[[ ÷.
The ogre hits you with a +0 giant club!
* * * LOW HITPOINT WARNING * * *
There is a stone staircase leading up here.
You block the ogre's attack.
You climb upwards.
Level annotation: Grinder
There is a stone staircase leading down here.
Ijyb the Twisted Goblin comes into view.
She is wielding a +0 club and carrying a wand of random effects (19).
Ijyb shouts!
You block the ogre's attack.
Okay, then.
You feel much better. You block the ogre's attack.
You closely miss the ogre.
The ogre is lightly wounded.
You hit Ijyb but do no damage. You block Ijyb's attack.
The ogre barely misses you. You block Ijyb's attack.
You barely miss the ogre.
The ogre is lightly wounded.
You miss Ijyb.
The ogre hits you with a +0 giant club!!
Ijyb hits you with a +0 club. The ogre hits you but does no damage.
Your shield and scale mail prevent you from hitting the ogre.
The ogre is lightly wounded.
You closely miss Ijyb. You block Ijyb's attack.
The ogre hits you with a +0 giant club!
* * * LOW HITPOINT WARNING * * *
Ijyb hits you with a +0 club.
* * * LOW HITPOINT WARNING * * *
You slash the ogre!
The ogre is severely wounded.
You closely miss Ijyb. The ogre hits you with a +0 giant club!
You die...

#########
#.g......
###@##
#.O>.+
#.#### #.
#


You could see an ogre and Ijyb.

Vanquished Creatures
  A black bear (D:4)
  An ogre (D:4)
  A hound (D:2)
  Terence (D:3)
  2 iguanas (D:4)
  An orc wizard (D:4)
  Natasha (thrice) (D:2 D:1)
  Robin (D:4)
  7 adders
  An adder skeleton (D:4)
  A worm (D:3)
  A dart slug (D:4)
  6 orcs
  9 ball pythons
  6 endoplasms
  9 goblins
  14 hobgoblins
  5 jackals
  2 bats (D:1)
  2 frilled lizards (D:1)
  8 kobolds
  5 rats
87 creatures vanquished.

Notes
Turn   | Place    | Note
-------+----------+-------------------------------------------
     0 | D:1      | soeti the Gargoyle Fighter began the quest for the Orb.
     0 | D:1      | Reached XP level 1. HP: 14/14 MP: 1/1
   179 | D:1      | Reached XP level 2. HP: 19/19 MP: 2/2
  1010 | D:2      | Reached XP level 3. HP: 14/23 MP: 3/3
  1286 | D:2      | Noticed Natasha
  1305 | D:2      | Killed Natasha
  1306 | D:2      | Reached XP level 4. HP: 5/29 MP: 4/4
  1655 | D:3      | Found a faded altar of an unknown god.
  1979 | D:3      | Noticed Terence
  1992 | D:3      | Killed Terence
  2234 | D:3      | Reached skill level 4 in Fighting
  2255 | D:3      | Reached XP level 5. HP: 32/33 MP: 5/5
  2322 | D:3      | Noticed Grinder
  2328 | D:3      | Paralysed by Grinder for 3 turns
  2336 | D:3      | Paralysed by Grinder for 6 turns
  2437 | D:2      | Noticed Sigmund
  3089 | D:2      | Found a burning altar of Makhleb.
  3256 | D:2      | Noticed Natasha
  3274 | D:1      | Killed Natasha
  3312 | D:1      | Noticed Natasha
  3320 | D:1      | Killed Natasha
  3424 | D:4      | Reached XP level 6. HP: 39/39 MP: 6/6
  3481 | D:4      | Noticed Robin
  3494 | D:4      | Killed Robin
  4134 | D:4      | Reached XP level 7. HP: 23/44 MP: 7/7
  4336 | D:4      | Reached skill level 5 in Fighting
  4530 | D:3      | Noticed Ijyb
  4535 | D:3      | Slain by an ogre

Illustrated notes

Levels and vault maps discovered:
D:1:      evilmike_arrival_crescent, layout_basic
D:2:      layout_loops_cross, makhleb_blood_cavern_becter, uniq_natasha,
          uniq_sigmund
D:3:      layout_basic, chequers_ecumenical_altar_simple_redux, moated_statue,
          grunt_ministairs_14, uniq_ijyb, uniq_grinder, uniq_terence
D:4:      layout_basic, uniq_robin

Skill      XL: |  1  2  3  4  5  6  7 |
---------------+----------------------+-----
Axes           | 2 3 4 |  4.6
Fighting       | 4 5 |  5.0
Armour         | 4 |  4.9
Shields        | 4 |  4.9

Action                   |  1- 3 |  4- 6 |  7- 9 || total
-------------------------+-------+-------+-------++-------
Melee: War axe           |    75 |   174 |    20 ||   269
Evoke: Wand              |       |     8 |     2 ||    10
  Use: Potion            |     1 |     2 |     1 ||     4
       Scroll            |       |     1 |     3 ||     4
Armor: Scale mail        |    44 |   103 |    11 ||   158
Dodge: Dodged            |    30 |    47 |     5 ||    82
Block: Kite shield       |    48 |   109 |    20 ||   177

Table legend: (Time is in decaauts)
 A = Elapsed time spent in this place.
 B = Non-inter-level travel time spent in this place.
 C = Inter-level travel time spent in this place.
 D = Time resting spent in this place.
 E = Time spent auto-exploring this place.
 F = Levels seen in this place.
 G = Mean time per level.
                   A        B        C        D        E       F      G
               +--------+--------+--------+--------+--------+-----+--------+
         Total |   4703 |   4395 |    308 |   1482 |   1797 |   4 | 1175.8 |
       Dungeon |   4703 |   4395 |    308 |   1482 |   1797 |   4 | 1175.8 |
               +--------+--------+--------+--------+--------+-----+--------+

Top non-repeatable levels by time:
     D:1: 1345 daAuts
     D:2: 1222 daAuts
     D:4: 1163 daAuts
     D:3: 971 daAuts
